 Dungeon Crawl Stone Soup version 0.31-a0-1074-g0b22e4e0f1 (webtiles) character file.

Game seed: 6764742096358184759

47 javelincjr the Changeling (level 3, -6/27 HPs)
             Began as a Human Shapeshifter on Dec 6, 2023.
             Mangled by Terence
             ... wielding a +1 heavy flail
              (20 damage)
             ... on level 2 of the Dungeon.
             The game lasted 00:03:26 (1483 turns).

javelincjr the Changeling (Human Shapeshifter)      Turns: 1483, Time: 00:03:26

Health: -6/27      AC:  5    Str: 16    XL:     3   Next: 97%
Magic:  3/3        EV: 11    Int: 10    God:
Gold:   145        SH:  5    Dex: 12    Spells: 2/2 levels left

rFire   . . .        m - +0 dagger (vamp)
rCold   . . .        (no shield)
rNeg    . . .        h - +0 ring mail
rPois   .            (helmet currently unavailable)
rElec   .            (cloak currently unavailable)
rCorr   .            (gloves currently unavailable)
SInv    .            (boots currently unavailable)
Will    .....        q - amulet of reflection
Stlth   +            (no ring)
HPRegen 0.24/turn    (no ring)
MPRegen 0.08/turn

%: reflection
@: beast-form
A: beast (slay +2)
a: Begin Untransformation


You were on level 2 of the Dungeon.
You were a hulking beast.
You visited 1 branch of the dungeon, and saw 2 of its levels.

You collected 145 gold pieces.

Inventory:

Hand Weapons
 e - a +2 antimagic hand axe
 m - a +0 vampiric dagger (weapon)
Armour
 a - a +0 animal skin
 h - a +0 ring mail (worn)
 j - a +0 cloak
 p - a +0 plate armour
Jewellery
 q - an amulet of reflection (around neck)
Talismans
 c - a beast talisman
 d - a flux talisman
Scrolls
 f - 2 scrolls of enchant weapon {unknown}
 g - a scroll of torment {unknown}
Potions
 b - a potion of lignification
 l - a potion of mutation {unknown}
 n - a potion of might {unknown}
 o - 2 potions of haste {unknown}


   Skills:
 + Level 1.7 Fighting
 + Level 2.4 Dodging
 + Level 3.3 Unarmed Combat
 * Level 3.6 Shapeshifting


You had 2 spell levels left.
You didn't know any spells.
Your spell library contained the following spells:

 Spells                   Type           Power      Damage    Failure   Level
 Sublimation of Blood     Necr           0%         N/A       73%         2
 Petrify                  Tmut/Erth      0%         N/A       100%        4
 Irradiate                Conj/Tmut      0%         3d11      100%        5


Dungeon Overview and Level Annotations

Branches:
Dungeon (2/15)

Altars:

Annotations:
D:2 Terence


Message History

You hit the worm.
You feel better.
You kill the worm!
Found a falchion.
Found a ring mail.
Found a stone staircase leading down.
You see here a +0 ring mail.
h - a +0 ring mail You start removing your armour.
You continue taking off your +0 animal skin. x4
You finish taking off your +0 animal skin.
You start putting on your armour.
You continue putting on your +0 ring mail. x5
You finish putting on your +0 ring mail.
o - 2 sapphire potions (gained 1) Terence the Incautious comes into view.
He is wielding a +1 heavy flail.
Terence shouts!
You don't know any spells.
Okay, then.
Terence hits you with a +1 heavy flail!
Ouch! That really hurt!
You see here a +0 falchion.
You are too injured to fight recklessly!
You are too injured to fight recklessly!
You are too injured to fight recklessly!
You hit Terence but do no damage. You punch Terence.
Terence is lightly wounded.
You hit Terence but do no damage. You punch Terence, but do no damage.
Terence is lightly wounded.
Terence closely misses you.
You closely miss Terence.
Terence is lightly wounded.
Terence barely misses you.
You hit Terence.
You feel better.
Terence is lightly wounded.
You hit Terence but do no damage.
Terence is lightly wounded.
Terence hits you with a +1 heavy flail!!
Ouch! That really hurt!
You die...
Terence says, "Time to find some more victims."

#### ##..#.# ### ##.#######...
##.#.# #.#####..##.......
#########...###.........#.......
##.......................+.......
....##............####.#.#..[....
....##............# #.#.........
....##............# #.#...######
....############.## #.#.#...#
....# #h#####.#.###.## ....#
#@#.....#.###..## ....#
#.#.##..#.#.....## ##.##
#.#.##...........# ##.#
#.#.##.##.#.###..# ...#
#.#.##........ ####
#.#.#####...#.# #.#....#........
####.#..#####.#


You could see Terence.

Vanquished Creatures
  2 adders (D:2)
  A worm (D:2)
  A dart slug (D:1)
  4 endoplasms
  A giant cockroach (D:1)
  3 goblins (D:1)
  3 hobgoblins
  2 kobolds (D:1)
  A quokka (D:1)
  3 ball pythons
  A bat (D:1)
  A frilled lizard (D:1)
23 creatures vanquished.

Notes
Turn   | Place    | Note
-------+----------+-------------------------------------------
     0 | D:1      | javelincjr the Human Shapeshifter began the quest for the
                  | Orb.
     0 | D:1      | Reached XP level 1. HP: 15/15 MP: 1/1
    35 | D:1      | You fall into a shaft and drop 1 floor!
   260 | D:1      | Reached XP level 2. HP: 21/21 MP: 0/2
   802 | D:2      | Reached XP level 3. HP: 26/26 MP: 1/3
   952 | D:2      | Found a faded altar of an unknown god.
  1475 | D:2      | Noticed Terence
  1483 | D:2      | Mangled by Terence

Illustrated notes

Levels and vault maps discovered:
D:1:      dpeg_arrival_simpleton_a, layout_loops_ring, minmay_octomino_e4
D:2:      layout_basic, dreamdust_ecumenical_altar_statues, uniq_terence

Action                     || total
---------------------------++-------
  Melee: Hand axe          ||    40
         Unarmed           ||     2
         Dagger            ||    41
         Punch             ||     5
    Use: Potion            ||     3
   Stab: Sleeping          ||     1
 Armour: Animal skin       ||    42
         Ring mail         ||     2
  Dodge: Dodged            ||    31
  Block: Other             ||     6

Table legend: (Time is in decaauts)
 A = Elapsed time spent in this place.
 B = Non-inter-level travel time spent in this place.
 C = Inter-level travel time spent in this place.
 D = Time resting spent in this place.
 E = Time spent auto-exploring this place.
 F = Levels seen in this place.
 G = Mean time per level.
                   A        B        C        D        E       F      G
               +--------+--------+--------+--------+--------+-----+--------+
         Total |   1493 |   1493 |      0 |      0 |   1219 |   2 |  746.5 |
       Dungeon |   1493 |   1493 |      0 |      0 |   1219 |   2 |  746.5 |
               +--------+--------+--------+--------+--------+-----+--------+

Top non-repeatable levels by time:
     D:2: 782 daAuts
     D:1: 711 daAuts
